 Dungeon Crawl Stone Soup version 0.28.0-62-gf88900778d (webtiles) character file.

Game seed: 3527000079420376014

18 cbfl8 the Skirmisher (level 2, -1/36 HPs)
             Began as a Demonspawn Berserker on Sept 10, 2023.
             Was a Follower of Trog.
             Slain by a frilled lizard (3 damage)
             ... on level 1 of the Dungeon.
             The game lasted 00:00:33 (716 turns).

cbfl8 the Skirmisher (Demonspawn Berserker)          Turns: 716, Time: 00:00:33

Health: -1/36      AC:  2    Str: 17    XL:     2   Next: 51%
Magic:  2/2        EV: 12    Int:  8    God:    Trog [*.....]
Gold:   38         SH:  0    Dex: 12    Spells: 1/1 levels left

rFire   . . .      SeeInvis .   a - +0 hand axe
rCold   . . .      Faith    .   (no shield)
rNeg    . . .      Spirit   .   b - +0 animal skin
rPois   .          Reflect  .   (no helmet)
rElec   .          Harm     .   (no cloak)
rCorr   .          Rampage  .   (no gloves)
Will    .....                   (no boots)
Stlth   ..........              (no amulet)
HPRegen 0.12/turn               (no ring)
MPRegen 0.08/turn               (no ring)

@: berserking, very quick
A: claws 1
a: Renounce Religion, Berserk


You were on level 1 of the Dungeon.
You worshipped Trog.
Trog was aware of your devotion.
You visited 1 branch of the dungeon, and saw 1 of its levels.

You collected 38 gold pieces.

Inventory:

Hand Weapons
 a - a +0 hand axe (weapon)
Armour
 b - a +0 animal skin (worn)
Scrolls
 c - 2 scrolls of enchant armour {unknown}
Potions
 d - a potion of berserk rage


   Skills:
 + Level 3.2 Fighting
 + Level 3.1 Axes
 + Level 1.8 Armour
 - Level 1.7 Dodging
 * Level 1.0 Evocations


You had one spell level left.
You didn't know any spells.
Your spell library was empty.

Dungeon Overview and Level Annotations

Branches:
Dungeon (1/15)

Altars:


Innate Abilities, Weirdness & Mutations

You have sharp fingernails.


Message History

Trog accepts your kill.
Found 10 gold pieces.
Things that are here:
a +0 dagger; a goblin corpse A bat comes into view.
Found a mace.
A bat comes into view.
The endoplasm hits you.
The bat moves out of view.
The endoplasm barely misses you. The endoplasm freezes you.
You are frozen.
* * * LOW HITPOINT WARNING * * *
You barely miss the endoplasm. The endoplasm barely misses you.
You hit the endoplasm.
The endoplasm is almost dead.
The endoplasm freezes you.
You are frozen.
* * * LOW HITPOINT WARNING * * *
You hit the endoplasm but do no damage.
The endoplasm is almost dead.
The endoplasm freezes you.
You are frozen.
* * * LOW HITPOINT WARNING * * *
The endoplasm barely misses you.
You hit the endoplasm.
You kill the endoplasm!
Trog accepts your kill. The bat barely misses you.
It was a potion of berserk rage.
A red film seems to cover your vision as you go berserk!
You feel yourself moving faster!
You feel mighty! The bat barely misses you.
The bat hits you but does no damage.
You barely miss the bat. You hit the bat.
You kill the bat!
Trog accepts your kill. The bat barely misses you.
You closely miss the frilled lizard. The frilled lizard misses you.
You miss the frilled lizard. You completely miss the frilled lizard.
The frilled lizard bites you.
You die...

# #.# #.#
##.####.####.#
.............#
........######
.##.##..#####
#...##.#...
#..#.#.#
#)#.#)..#
#.bl@..#
#$#.#...#
#..#..## ...
#..# ##.# ...#
.. .### ## ##


You could see a bat and a frilled lizard.

Vanquished Creatures
  3 endoplasms (D:1)
  5 goblins (D:1)
  3 hobgoblins (D:1)
  A ball python (D:1)
  3 bats (D:1)
  A frilled lizard (D:1)
16 creatures vanquished.

Notes
Turn   | Place    | Note
-------+----------+-------------------------------------------
     0 | D:1      | cbfl8 the Demonspawn Berserker began the quest for the Orb.
     0 | D:1      | Reached XP level 1. HP: 18/18 MP: 1/1
   349 | D:1      | Gained mutation: You have sharp fingernails. [demonic
                  | ancestry]
   349 | D:1      | Reached XP level 2. HP: 14/24 MP: 2/2
   700 | D:1      | Reached skill level 1 in Evocations
   710 | D:1      | HP: 1/24 [frozen (2)]
   716 | D:1      | Slain by a frilled lizard

Illustrated notes

Levels and vault maps discovered:
D:1:      sevenhm_arrival_forest_fort_small_6, layout_loops_ring, st_stairs_8,
          minmay_box_of_dots

Skill      XL: |  1  2 |
---------------+-------+-----
Axes           | 3 |  3.1
Evocations     | 1 |  1.0
Fighting       | |  3.2
Armour         | |  1.8
Dodging        | |  1.7

Action                   || total
-------------------------++-------
Melee: Hand axe          ||    54
       Punch             ||     2
  Use: Potion            ||     1
Armor: Animal skin       ||     8
Dodge: Dodged            ||    42
